 Dungeon Crawl Stone Soup version 0.28-a0-987-g8383568036 (webtiles) character file.

Game seed: 1662748769932162143

1269 Lavandula the Quickloader (level 8, -4/64 HPs)
             Began as a Naga Arcane Marksman on Dec 4, 2021.
             Slain by Pikel (8 damage)
             ... on level 6 of the Dungeon.
             The game lasted 00:11:10 (5331 turns).

Lavandula the Quickloader (Naga Arcane Marksman)    Turns: 5331, Time: 00:11:11

Health: -4/64      AC:  4    Str: 12    XL:     8   Next: 53%
Magic:  9/9        EV: 10    Int: 20    God:
Gold:   218        SH:  0    Dex: 14    Spells: 1/9 levels left

rFire   . . .      SeeInvis +   a - +0 hand crossbow
rCold   + . .      Faith    .   (no shield)
rNeg    . . .      Spirit   .   d - +0 robe
rPois   +          Reflect  .   (no helmet)
rElec   .          Harm     .   (no cloak)
rCorr   .          Rampage  .   m - +0 pair of gloves
Will    +....                   (no barding)
Stlth   +.........              (no amulet)
HPRegen 0.20/turn               g - ring of protection from cold
MPRegen 0.11/turn               q - +6 ring of intelligence

@: very slow
A: AC +2, large, see invisible, deformed body, poison resistance, slowness 2,
spit poison 1, naga tail 1
a: Spit Poison


You were on level 6 of the Dungeon.
You visited 1 branch of the dungeon, and saw 6 of its levels.

You collected 218 gold pieces.

Inventory:

Hand Weapons
 a - a +0 hand crossbow (weapon)
Missiles
 h - 24 bolts (quivered ammo)
Armour
 d - a +0 robe (worn)
 m - a +0 pair of gloves (worn)
Jewellery
 g - a ring of protection from cold (left hand)
 q - a +6 ring of intelligence (right hand)
Wands
 p - a wand of digging (9)
 r - a wand of charming (3)
 t - a wand of polymorph (9)
Scrolls
 b - 2 scrolls of identify {unknown}
 c - a scroll of enchant weapon {unknown}
 f - a scroll of amnesia {unknown}
 i - a scroll of vulnerability {unknown}
 j - a scroll of fear {unknown}
 k - 3 scrolls of teleportation {unknown}
 n - 2 scrolls of blinking {unknown}
 u - 2 scrolls of immolation {unknown}
 v - a scroll of summoning {unknown}
 y - a scroll of torment {unknown}
 C - a scroll of enchant armour {unknown}
Potions
 e - 3 potions of curing {unknown}
 l - a potion of mutation {unknown}
 o - a potion of brilliance {unknown}
 w - a potion of might {unknown}
 x - a potion of cancellation {unknown}
 z - a potion of heal wounds {unknown}
 A - 2 potions of degeneration {unknown}
 B - 2 potions of flight {unknown}


   Skills:
 - Level 1.0 Fighting
 + Level 9.4 Crossbows
 - Level 1.5 Dodging
 - Level 1.0 Spellcasting
 - Level 3.0 Hexes


You had one spell level left.
You knew the following spells:

 Your Spells              Type           Power      Damage    Failure   Level
a - Slow                  Hex            52%        N/A       4%          1
b - Call Canine Familiar  Summ           1%         N/A       45%         3
c - Cause Fear            Hex            6%         N/A       45%         4

Your spell library contained the following spells:

 Spells                   Type           Power      Damage    Failure   Level
 Sting                    Tmut/Pois      4%         1d3       17%         1
 Corpse Rot               Necr/Air       2%         N/A       26%         2
 Passwall                 Tmut/Erth      0%         N/A       26%         2
 Poisonous Vapours        Pois/Air       2%         N/A       26%         2
 Inner Flame              Hex/Fire       7%         N/A       28%         3
 Portal Projectile        Hex/Tloc       14%        N/A       28%         3
 Gell's Gravitas          Tloc           1%         N/A       45%         3
 Lesser Beckoning         Tloc           1%         N/A       45%         3
 Swiftness                Air            1%         N/A       45%         3
 Teleport Other           Tloc           1%         N/A       45%         3
 Leda's Liquefaction      Hex/Erth       3%         N/A       67%         4
 Olgreb's Toxic Radiance  Pois           1%         N/A       86%         4


Dungeon Overview and Level Annotations

Branches:
Dungeon (6/15)
 Temple: D:4-7

Altars:
Ashenzari
Elyvilon
Fedhas
Kikubaaqudgha
Qazlal
Ru

Annotations:
D:6 1 runed translucent door, Pikel; endorz's ghost, novice HOFi


Innate Abilities, Weirdness & Mutations

Your serpentine skin is tough. (AC +2)
You have supernaturally acute eyesight. (SInv)
Armour fits poorly on your strangely shaped body.
Your system is resistant to poisons. (rPois)
You cover ground very slowly.
You can spit poison.
You have a snake-like lower body.


Message History

Pikel is heavily wounded.
Pikel hits you with a +0 whip of flaming!
Pikel burns you.
You shoot a bolt. The bolt hits Pikel.
Pikel is severely wounded.
Pikel hits you with a +0 whip of flaming!
Pikel burns you.
Okay, then.
Okay, then.
Throw: throwing net
Press: ? - help, Shift-Dir - straight line, f/p - Pikel
Aim: Pikel, wielding a +0 whip of flaming and wearing a +1 robe of the Archmagi (severely wounded, poisoned, 50% to hit)
You throw a throwing net. The throwing net closely misses Pikel.
You have got your breath back.
Pikel barely misses you.
Fire: 25 bolts
Press: ? - help, Q - select action, (/) - cycle Shift-Dir - straight line, f/p - Pikel
Aim: Pikel, wielding a +0 whip of flaming and wearing a +1 robe of the Archmagi (severely wounded, poisoned, 60% to hit)
You shoot a bolt. The bolt closely misses Pikel.
Pikel looks more healthy.
Pikel hits you with a +0 whip of flaming!
* * * LOW HITPOINT WARNING * * *
Pikel burns you.
* * * LOW HITPOINT WARNING * * *
Okay, then.
Okay, then.
Aiming: Charm
Press: ? - help, Shift-Dir - straight line, f/p - Pikel
Aim: Pikel, wielding a +0 whip of flaming and wearing a +1 robe of the Archmagi (severely wounded, chance to affect: 46%) Pikel resists with some effort.
Pikel hits you with a +0 whip of flaming.
* * * LOW HITPOINT WARNING * * *
Pikel burns you.
* * * LOW HITPOINT WARNING * * *
Aiming: Charm
Press: ? - help, Shift-Dir - straight line, f/p - Pikel
Aim: Pikel, wielding a +0 whip of flaming and wearing a +1 robe of the Archmagi (severely wounded, chance to affect: 46%) Pikel resists with some effort.
Pikel hits you with a +0 whip of flaming!
You die...

##### ####...# #......#
###### #.##...#####....#
#######.##.......#.##.#
#.......###....#@K...(#
#.......#....#.#.#<#......
........#.####...#.#.####.
........#. .....#.# #
........## ###.###.#
............ ... #.#
###########.##.# #.# . ..


You could see Pikel.

Vanquished Creatures
  A black bear (D:5)
  2 ice beasts (D:5)
  A necrophage (D:6)
  An ogre (D:4)
  A phantom (D:4)
  A lemure (D:6)
  5 scorpions
  2 centaur zombies
  A hound (D:6)
  A centaur skeleton (D:6)
  An iguana (D:5)
  Ijyb (D:4)
  A scorpion zombie (D:4)
  2 orc wizards
  A hound zombie (D:4)
  A hound skeleton (D:4)
  5 adders
  A white imp (D:5)
  An ufetubus (D:5)
  5 adder zombies (D:4)
  4 worms
  2 dart slugs
  11 orcs
  11 ball pythons
  9 endoplasms
  2 goblins (D:1)
  5 hobgoblins
  4 jackals (D:2)
  7 kobolds
  5 quokkas
  9 bats
  2 frilled lizards (D:2)
  4 rats
110 creatures vanquished.

Vanquished Creatures (others)
  2 withered plants (D:6)
2 creatures vanquished.

Grand Total: 112 creatures vanquished

Notes
Turn   | Place    | Note
-------+----------+-------------------------------------------
     0 | D:1      | Lavandula the Naga Arcane Marksman began the quest for the
                  | Orb.
     0 | D:1      | Reached XP level 1. HP: 18/18 MP: 2/2
    58 | D:1      | Reached skill level 2 in Crossbows
   175 | D:1      | Reached XP level 2. HP: 25/25 MP: 3/3
   555 | D:1      | Reached skill level 3 in Crossbows
   602 | D:1      | You fall into a shaft and drop 1 floor!
   672 | D:2      | Reached XP level 3. HP: 21/31 MP: 4/4
   942 | D:2      | Learned a level 3 spell: Call Canine Familiar
   954 | D:2      | Reached XP level 4. HP: 38/38 MP: 5/5
  1143 | D:2      | Reached skill level 4 in Crossbows
  1386 | D:3      | Reached XP level 5. HP: 44/44 MP: 6/6
  1535 | D:3      | Found an ancient bone altar of Kikubaaqudgha.
  1633 | D:3      | Reached skill level 5 in Crossbows
  1679 | D:3      | Found a broken altar of Ashenzari.
  1679 | D:3      | Found a blossoming altar of Fedhas.
  2188 | D:4      | Noticed a phantom
  2281 | D:4      | Noticed Ijyb
  2286 | D:4      | Reached XP level 6. HP: 51/51 MP: 7/7
  2295 | D:4      | Killed Ijyb
  2437 | D:4      | Reached skill level 6 in Crossbows
  2595 | D:4      | Reached XP level 7. HP: 34/57 MP: 8/8
  2860 | D:4      | Reached skill level 7 in Crossbows
  3331 | D:5      | Entered Level 5 of the Dungeon
  3485 | D:5      | Learned a level 4 spell: Cause Fear
  3554 | D:5      | Reached skill level 8 in Crossbows
  3712 | D:5      | Found a stormy altar of Qazlal.
  3841 | D:5      | Found a sacrificial altar of Ru.
  3887 | D:5      | Reached XP level 8. HP: 52/64 MP: 9/9
  4901 | D:6      | Reached skill level 9 in Crossbows
  5010 | D:6      | Found a runed translucent door.
  5016 | D:6      | Noticed endorz's ghost (novice HOFi)
  5016 | D:6      | Found a white marble altar of Elyvilon.
  5142 | D:6      | Noticed Pikel
  5331 | D:6      | Slain by Pikel

Illustrated notes

Levels and vault maps discovered:
D:1:      dpeg_arrival_brainrot, layout_loops_ring, chequers_jeans,
          minmay_misc_feat_secret_circle, palyth_stone_intersect
D:2:      layout_rooms, serial_corexii_hall, chequers_hall_statues_wall_a,
          chequers_hall_statues_wall_a
D:3:      layout_basic, nicolae_kikubaaqudgha_miasma_corner,
          gammafunk_temple_overflow_statue, chequers_serial_rivers_large_a,
          kennysheep_generic_room_11
D:4:      layout_loops_ring, serial_undead, serial_undead_f, serial_undead_e,
          serial_undead_f, serial_undead_c, uniq_ijyb
D:5:      layout_loops_ring, mainiacjoe_overflow_chevrons,
          nicolae_qazlal_eye_of_the_storm, grunt_decor_resistance,
          minmay_statues_item, hex_medium
D:6:      layout_basic, mainiacjoe_overflow_alcove_2, yredelemnul_altar_generic,
          minmay_temple_entry_fiery, ebering_ghost_sewer_d, uniq_pikel,
          uniq_menkaure

Skill      XL: |  1  2  3  4  5  6  7  8 |
---------------+-------------------------+-----
Crossbows      | 2 3 4 5 6 8 9 |  9.4
Fighting       | |  1.0
Dodging        | |  1.5
Spellcasting   | |  1.0
Hexes          | |  3.0

Action                   |  1- 3 |  4- 6 |  7- 9 || total
-------------------------+-------+-------+-------++-------
 Fire: Hand crossbow     |    71 |   108 |   157 ||   336
Throw: Throwing net      |       |       |     1 ||     1
 Abil: Spit Poison       |    13 |    12 |    14 ||    39
Evoke: Wand              |       |       |     4 ||     4
Armor: Robe              |     9 |     9 |    31 ||    49
Dodge: Dodged            |    12 |    25 |    40 ||    77

Table legend: (Time is in decaauts)
 A = Elapsed time spent in this place.
 B = Non-inter-level travel time spent in this place.
 C = Inter-level travel time spent in this place.
 D = Time resting spent in this place.
 E = Time spent auto-exploring this place.
 F = Levels seen in this place.
 G = Mean time per level.
                   A        B        C        D        E       F      G
               +--------+--------+--------+--------+--------+-----+--------+
         Total |   6706 |   6539 |    167 |    325 |   5376 |   6 | 1117.7 |
       Dungeon |   6706 |   6539 |    167 |    325 |   5376 |   6 | 1117.7 |
               +--------+--------+--------+--------+--------+-----+--------+

Top non-repeatable levels by time:
     D:5: 1879 daAuts
     D:4: 1351 daAuts
     D:3: 1161 daAuts
     D:2: 979 daAuts
     D:1: 805 daAuts
     D:6: 528 daAuts
